 Dungeon Crawl Stone Soup version bcrawl-1.40.3b (webtiles) character file.

Game seed: 17291910563532755328

378426 TheWayOfAllFlesh the Cleaver (level 10, 0/93 HPs)
             Began as a Minotaur Monk on Feb 1, 2024.
             Was a High Priest of Okawaru.
             Killed by vampiric draining
             ... invoked by an eye of draining
              (5 damage)
             ... on level 8 of the Dungeon.
             The game lasted 00:19:07 (7169 turns).

TheWayOfAllFlesh the Cleaver (Minotaur Monk)        Turns: 7169, Time: 00:19:07

Health: 0/93       AC: 18    Str: 20    XL:     10   Next: 54%
Magic:  0/19       EV: 10    Int:  7    God:    Okawaru [*****.]
Gold:   161        SH:  0    Dex: 12    Spells: 9/9 levels left

rFire    . . .     GDR:     35% a - +0 war axe
rCold    . . .     SeeInvis .   (no shield)
rNeg     . . .     Gourm    .   t - +0 plate armour
rPois    .         Faith    .   c - +0 hat
rElec    .         Spirit   +   (no cloak)
rCorr    .         Reflect  .   j - +0 pair of gloves
MR       .....                  (no boots)
Stlth    +.........             d - amulet of guardian spirit
HPRegen  0.25/turn              w - ring of stealth
MPRegen  0.16/turn              o - ring of magical power

@: heroism
A: retaliatory headbutt, horns 2
a: Heroism, Finesse, Renounce Religion


You were on level 8 of the Dungeon.
You worshipped Okawaru.
Okawaru was extremely pleased with you.
You were hungry.

You visited 2 branches of the dungeon, and saw 9 of its levels.

You collected 386 gold pieces.
You spent 225 gold pieces at shops.

Inventory:

Hand Weapons
 a - a +0 war axe (weapon)
Missiles
 l - 104 steel javelins (quivered)
Armour
 c - a +0 hat (worn)
 j - a +0 pair of gloves (worn)
 t - a +0 plate armour (worn)
Jewellery
 d - an amulet of guardian spirit (around neck)
 o - a ring of magical power (right hand)
 s - an uncursed ring of ice
 w - a ring of stealth (left hand)
Scrolls
 f - 3 scrolls of remove curse
 h - 6 scrolls of teleportation
 n - a scroll of fog {unknown}
 p - a scroll of enchant armour {unknown}
 q - 2 scrolls of blinking {unknown}
 r - a scroll of revelation {unknown}
 v - a scroll of immolation
 x - 3 scrolls of noise {unknown}
 y - 2 scrolls of amnesia {unknown}
 B - a scroll of enchant weapon {unknown}
Potions
 b - a potion of ambrosia
 g - 2 potions of might
 m - a potion of resistance
 u - a potion of brilliance
 z - a potion of haste
 C - 2 potions of mutation
 D - 2 potions of heal wounds
 E - a potion of curing
Comestibles
 e - 8 rations {!d}
 i - 6 chunks of flesh


   Skills:
 + Level 10.0(15.0) Fighting
 * Level 13.1(18.1) Axes
 - Level 3.0(8.0) Throwing
 + Level 9.1(14.1) Armour
 - Level 4.0(9.0) Dodging
 - Level 1.7(6.7) Stealth
 - Level 2.0 Invocations


You had 9 spell levels left.
You didn't know any spells.
Your spell library contained the following spells:

 Spells                   Type           Power        Failure   Level  Hunger
 Static Discharge         Air            #.....       99%         1    None
 Ensorcelled Hibernation  Hex/Ice        #.....       100%        2    ####...
 Shock                    Conj/Air       #......      100%        2    ####...
 Swiftness                Chrm/Air       #.......     100%        2    ####...
 Mephitic Cloud           Conj/Pois/Air  #.......     100%        3    #####..
 Lightning Bolt           Conj/Air       #.......     100%        4    ######.
 Borgnjor's Vile Clutch   Necr/Erth      #.........   100%        6    #######
 Darkness                 Hex            #.........   100%        6    #######
 Infestation              Hex/Tmut/Pois  #........    100%        6    #######
 Shadow Creatures         Summ           N/A          100%        7    #######
 Time Stop                Chrm/Tloc      N/A          100%        8    #######


Dungeon Overview and Level Annotations

Branches:
Dungeon (8/12)             Temple (1/1) D:6
   Lair: D:7-9          Orc: D:8-11

Altars:
Ashenzari
Cheibriados
Dithmenos
Elyvilon
Fedhas
Gozag
Hepliaklqana
Makhleb
Nemelex Xobeh
Okawaru
Ru
Sif Muna
Trog
Uskayaw
Vehumet
Wu Jian
Yredelemnul
Zin

Shops:
D:4 *   D:7 [

Annotations:
D:5 1 runed translucent door, KristoblXynda's ghost, novice HOGl
D:6 exclusion: downstairs


Innate Abilities, Weirdness & Mutations

You reflexively headbutt those who attack you in melee.
You have a pair of horns on your head.


Message History

You slash the eye of draining!
The eye of draining is infused with unholy energy.
* * * LOW HITPOINT WARNING * * *
The eye of draining draws life force from you and is healed!
The komodo dragon bites you!!
* * * LOW HITPOINT WARNING * * *
You slice the komodo dragon!!
You kill the komodo dragon!
Okawaru accepts your kill.
You hit the eye of draining.
Base training target 3.0 for Throwing reached!
Your base Fighting skill increases to level 10!
Your base Throwing skill increases to level 3!
Press: ? - help, v - describe, . - travel
Here: an eye of draining (almost dead) Unknown command.
You hit the eye of draining but do no damage.
The eye of draining is almost dead.
The eye of draining is infused with unholy energy.
You die...

#. #.# #.##.#
#.#######.######)#<..
#....÷.†........).)#.
#
#.....###.####.###...
#.##...(.###.# #.#
#### #............#
#.# ####..[..###.#
#.# ..$.....$..##.#
#.# .#####..@#.##.#
#.# ##.G......# #.#
..%...##..# #.#
##....... .#
#.._..### # #.....#
#.....# #.#.#.#


You could see an eye of draining.

Vanquished Creatures
  A komodo dragon (D:8)
  A troll (D:8)
  Grinder (D:4)
  A slime creature (D:6)
  A harpy skeleton (D:7)
  2 hippogriffs
  5 yaks (D:7)
  Eustachio (D:3)
  A crocodile (D:6)
  2 orc warriors
  An ice beast (D:5)
  2 sky beasts (D:6)
  4 ogres
  2 necrophages (D:6)
  2 phantoms
  A kobold brigand (D:6)
  4 bullfrogs
  A water moccasin zombie (D:7)
  3 centaurs
  4 scorpions
  A water moccasin skeleton (D:5)
  5 killer bees
  5 wights
  A howler monkey (D:5)
  5 jellies
  3 crimson imps
  2 orc priests
  4 hounds
  2 iguanas
  4 orc wizards (D:5)
  4 worker ants
  A hound zombie (D:6)
  A hound skeleton (D:7)
  A gnoll (D:5)
  8 adders
  14 oozes
  3 adder zombies (D:7)
  4 worms
  4 leopard geckos
  18 orcs
  2 giant cockroaches (D:2)
  5 goblins
  8 hobgoblins
  9 jackals
  10 kobolds
  3 quokkas
  A ball python (D:1)
  11 bats
  3 frilled lizards
  A quokka skeleton (D:4)
  A quokka zombie (D:5)
  10 rats
194 creatures vanquished.

Vanquished Creatures (collateral kills)
  A necrophage (D:7)
1 creature vanquished.

Vanquished Creatures (others)
  7 fungi (D:7)
  2 withered plants (D:7)
9 creatures vanquished.

Grand Total: 204 creatures vanquished

Notes
Turn   | Place    | Note
-------+----------+-------------------------------------------
     0 | D:1      | TheWayOfAllFlesh the Minotaur Monk began the quest for the
                  | Orb.
     0 | D:1      | Reached XP level 1. HP: 19/19 MP: 1/1
   289 | D:1      | Reached skill level 4 in Axes
   289 | D:1      | Reached XP level 2. HP: 27/27 MP: 2/2
   953 | D:2      | Reached XP level 3. HP: 33/33 MP: 3/3
  1028 | D:2      | Reached skill level 1 in Armour
  1218 | D:2      | Found a hide-covered altar of Uskayaw.
  1476 | D:3      | Reached XP level 4. HP: 36/40 MP: 4/4
  1736 | D:3      | Noticed an orc warrior
  1741 | D:3      | Killed an orc warrior
  1742 | D:3      | Reached skill level 5 in Axes
  1742 | D:3      | Reached skill level 1 in Throwing
  1742 | D:3      | Reached XP level 5. HP: 34/47 MP: 3/5
  2118 | D:3      | Found a white marble altar of Elyvilon.
  2333 | D:4      | Found Hoamied's Assorted Antiques.
  2340 | D:4      | Bought a scroll of identify for 52 gold pieces
  2348 | D:4      | Noticed Eustachio
  2357 | D:3      | Reached skill level 5 in Fighting
  2537 | D:3      | Killed Eustachio
  2538 | D:3      | Reached skill level 6 in Axes
  2538 | D:3      | Reached XP level 6. HP: 56/56 MP: 6/6
  3037 | D:4      | Noticed Grinder
  3051 | D:4      | Paralysed by Grinder for 2 turns
  3061 | D:4      | Killed Grinder
  3062 | D:4      | Reached skill level 7 in Axes
  3062 | D:4      | Reached XP level 7. HP: 63/63 MP: 7/7
  3358 | D:5      | Entered Level 5 of the Dungeon
  3424 | D:5      | Found a basalt altar of Yredelemnul.
  3445 | D:5      | Found a runed translucent door.
  3445 | D:5      | Noticed KristoblXynda's ghost (novice HOGl)
  3445 | D:5      | Noticed a troll
  3491 | D:5      | Found a bloodstained altar of Trog.
  3491 | D:5      | Found an iron altar of Okawaru.
  3559 | D:5      | Became a worshipper of Warmaster Okawaru
  3559 | D:5      | Reached * piety under Okawaru
  3559 | D:5      | Reached ** piety under Okawaru
  3642 | D:5      | Reached skill level 8 in Axes
  3738 | D:5      | Reached XP level 8. HP: 71/71 MP: 8/8
  3742 | D:5      | Reached skill level 5 in Armour
  3991 | D:5      | Reached skill level 9 in Axes
  4139 | D:5      | Found a shattered altar of Ashenzari.
  4459 | D:6      | Reached *** piety under Okawaru
  4525 | D:6      | Reached skill level 10 in Axes
  4654 | D:6      | Found a staircase to the Ecumenical Temple.
  4737 | Temple   | Entered the Ecumenical Temple
  5039 | D:6      | Reached XP level 9. HP: 52/81 MP: 5/9
  5185 | D:5      | Found a hazy altar of Hepliaklqana.
  5589 | D:6      | Reached **** piety under Okawaru
  5592 | D:6      | Reached skill level 11 in Axes
  5943 | D:7      | Found Betut's Antique Armour Shoppe.
  6068 | D:4      | Bought a scroll of teleportation for 78 gold pieces
  6068 | D:4      | Bought a fizzy coppery potion for 23 gold pieces
  6068 | D:4      | Bought a fizzy coppery potion for 23 gold pieces
  6068 | D:4      | Bought a fuming purple potion for 23 gold pieces
  6068 | D:4      | Bought a scroll labeled ICYKIYSEVAV for 26 gold pieces
  6399 | D:7      | Reached skill level 12 in Axes
  6590 | D:7      | Reached XP level 10. HP: 91/91 MP: 10/10
  6609 | D:7      | Reached ***** piety under Okawaru
  6761 | D:7      | Found a blossoming altar of Fedhas.
  7100 | D:8      | Found a snail-covered altar of Cheibriados.
  7112 | D:8      | Reached skill level 13 in Axes
  7169 | D:8      | Reached skill level 10 in Fighting
  7169 | D:8      | Killed from afar by an eye of draining

Skill      XL: |  1  2  3  4  5  6  7  8  9 10 |
---------------+-------------------------------+-----
Axes           | 4 5 6 7 8 10 12 13 | 13.1
Fighting       | 4 5 6 7 9 10 | 10.0
Armour         | 1 2 3 4 6 8 9 |  9.1
Throwing       | 1 3 |  3.0
Dodging        | 4 |  4.0
Stealth        | |  1.7
Invocations    | |  2.0

Action                   |  1- 3 |  4- 6 |  7- 9 | 10-12 || total
-------------------------+-------+-------+-------+-------++-------
Melee: Hand axe          |    85 |   108 |       |       ||   193
       Headbutt          |    17 |    11 |    51 |    26 ||   105
       War axe           |       |     4 |   274 |    95 ||   373
Throw: Javelin           |       |    12 |    13 |       ||    25
Invok: Heroism           |       |       |     5 |     2 ||     7
Evoke: Wand              |       |       |     4 |       ||     4
  Use: Scroll            |       |     7 |     7 |     1 ||    15
       Potion            |       |     1 |       |       ||     1
 Stab: Sleeping          |     2 |       |       |       ||     2
  Eat: Chunk             |     4 |     9 |    13 |     3 ||    29
       Ration            |       |       |     2 |       ||     2
Armor: Ring mail         |    29 |     2 |       |       ||    31
       Chain mail        |       |    68 |    66 |       ||   134
       Plate armour      |       |       |    95 |    39 ||   134
Dodge: Dodged            |    69 |    49 |   125 |    44 ||   287
